 Dungeon Sprint DCSS version 0.30-a0-1112-gfb780f5df6 (webtiles) character file.

Game seed: 3810224038219058861

306 sircluck the Cleaver (level 6, -2/96 HPs)
             Began as a Hill Orc Berserker on Apr 19, 2023.
             Was a Priest of Trog.
             Slain by a human
             ... wielding a +0 club
              (8 damage)
             ... in the Dungeon (Sprint III: "The Ten Rune Challenge").
             The game lasted 00:01:06 (246 turns).

sircluck the Cleaver (Hill Orc Berserker)            Turns: 246, Time: 00:01:06

Health: -2/96      AC:  2    Str: 22    XL:     6   Next: 39%
Magic:  6/6        EV: 12    Int:  7    God:    Trog [***...]
Gold:   19         SH:  0    Dex: 10    Spells: 5/5 levels left

rFire   . . .      SeeInvis .    a - +0 hand axe
rCold   . . .      Faith    .    (no shield)
rNeg    . . .      Spirit   .    b - +0 animal skin
rPois   .          Reflect  .    (no helmet)
rElec   .          Rampage  .    (no cloak)
rCorr   .          NoTele   +    (no gloves)
Will    .....                    (no boots) Stlth
                                 (no amulet)
HPRegen 0.36/turn                (no ring)
MPRegen 0.10/turn                (no ring)

@: berserking, very quick
A: no striking features
a: Renounce Religion, Berserk, Trog's Hand


You were in the Dungeon.
You worshipped Trog.
Trog was most pleased with you.
You visited 1 branch You collected 19 gold pieces.

Inventory:

Hand Weapons
 a - a +0 hand axe (weapon)
Armour
 b - a +0 animal skin (worn)
 i - a +0 ring mail
Wands
 q - a wand of iceblast (4)
Scrolls
 h - a scroll of blinking
 k - a scroll of torment {unknown}
 l - 3 scrolls of identify
 n - a scroll of poison {unknown}
Potions
 c - a potion of curing
 d - a potion of heal wounds
 e - a potion of haste
 f - 2 potions of magic
 j - 3 potions of mutation {unknown}
 m - a potion of ambrosia {unknown}
 o - a potion of cancellation {unknown}
 p - 2 potions of flight


   Skills:
 + Level 9.6 Fighting
 + Level 12.4 Axes
 + Level 4.5 Armour
 + Level 3.8 Dodging


You had 5 spell levels left.
You didn't know any spells.
Your spell library was empty.

Dungeon Overview and Level Annotations

Branches:
Dungeon (1/1)

Altars:
Dithmenos
Okawaru
Ru
Trog
Uskayaw
Wu Jian
Yredelemnul
Beogh


Message History

You slash the human!
The human is moderately wounded.
The human drinks a potion.
The human seems to grow stronger.
You hit the human.
The human is moderately wounded.
You recover from your berserk rage.
The human hits you!
You slash the human!
The human is heavily wounded.
You closely miss the human.
The human is heavily wounded.
The human drinks a potion.
The human goes berserk!
You closely miss the human.
The human is heavily wounded.
The human hits you!
You slash the human! Your punch misses the human.
The human is severely wounded.
You closely miss the human. The human hits you with a +0 club!
The human hits you but does no damage. x2
A red film seems to cover your vision as you go berserk!
You feel yourself moving faster!
You feel mighty! The human barely misses you. The human misses you.
You slice the human!!
You kill the human!
Trog accepts your kill.
You hit the human. The human hits you with a +0 club!
* * * LOW HITPOINT WARNING * * *
Your Fighting skill increases to level 9!
Your Axes skill gained 2 levels and is now at level 12!
You have reached level 6!
You slash the human! You punch the human.
The human is moderately wounded.
You hit the human. You punch the human!
The human is severely wounded.
The human hits you with a +0 club!
* * * LOW HITPOINT WARNING * * *
You closely miss the human.
The human is severely wounded.
The human hits you with a +0 club!
You die...

▓▓▓▓▓▓ ▓▓▓ .....♣ ♣.#
######## .....♣♣ ♣.#
#___#__# ....♣.♣ ♣♣.#
#__ #._#
....~♣♣♣♣..###+#p###)##
...~~.♣.♣♣.#....@.....#
..~~~~.♣...'.⌠........#
..~≈≈~~~♣♣.#...######+#
.~~≈~~~....#.⌠.#
.~≈~~~.....#...#
.~~~.......#+###
...........#
...........#
▓▓▓▓▓▓▓▓▓▓▓▓


You could see a human (berserk).

Vanquished Creatures
  A necrophage (D)
  A water elemental (D)
  A necromancer (D)
  2 humans (D)
  A phantom (D)
  4 rats (D)
10 creatures vanquished.

Notes
Turn   | Place    | Note
-------+----------+-------------------------------------------
     0 | D        | sircluck the Hill Orc Berserker began the quest for the
                  | Orb.
     0 | D        | Reached XP level 1. HP: 19/19 MP: 1/1
    12 | D        | Reached ** piety under Trog
    49 | D        | Reached skill level 5 in Fighting
    49 | D        | Reached skill level 6 in Axes
    49 | D        | Reached XP level 2. HP: 29/29 MP: 2/2
    64 | D        | Reached XP level 3. HP: 20/36 MP: 3/3
   144 | D        | Noticed a water elemental
   150 | D        | Killed a water elemental
   151 | D        | Reached skill level 8 in Axes
   151 | D        | Reached XP level 4. HP: 45/45 MP: 4/4
   189 | D        | Found a basalt altar of Yredelemnul.
   189 | D        | Found a shadowy altar of Dithmenos.
   189 | D        | Found a sacrificial altar of Ru.
   189 | D        | Noticed a necrophage
   193 | D        | Reached *** piety under Trog
   194 | D        | Reached skill level 9 in Axes
   196 | D        | Killed a necrophage
   197 | D        | Reached skill level 10 in Axes
   197 | D        | Reached XP level 5. HP: 53/53 MP: 5/5
   231 | D        | Found a hide-covered altar of Uskayaw.
   231 | D        | Found an iron altar of Okawaru.
   232 | D        | Found a roughly hewn altar of Beogh.
   232 | D        | Found a bloodstained altar of Trog.
   232 | D        | Found an ornate altar of the Wu Jian Council.
   232 | D        | Noticed a human
   234 | D        | Noticed a human
   243 | D        | Killed a human
   244 | D        | Reached skill level 12 in Axes
   244 | D        | Reached XP level 6. HP: 15/64 MP: 6/6
   246 | D        | Slain by a human

Illustrated notes

Levels and vault maps discovered:
D:        dungeon_sprint_mu [sprint_mu_entry_forest, sprint_mu_temple_rooms,
          sprint_mu_d1_spiders, sprint_mu_d2_genie, sprint_mu_d3_branching,
          sprint_mu_orc_legion, sprint_mu_elf_gauntlet, sprint_mu_hive_nellie,
          sprint_mu_lair_fedhas, sprint_mu_vaults_butterflies,
          sprint_mu_slime_circle, sprint_mu_shoals_kraken,
          sprint_mu_snake_twists, sprint_mu_blade_basic,
          sprint_mu_crypt_chambers, sprint_mu_tomb_spiral,
          sprint_mu_vestibule_basic, sprint_mu_gehenna_hellfire,
          sprint_mu_dis_giant, sprint_mu_tartarus_statrot,
          sprint_mu_cocytus_islands, sprint_mu_zot1]

Skill      XL: |  1  2  3  4  5 |
---------------+----------------+-----
Fighting       | 5 6 8 9 |  9.6
Axes           | 6 8 10 12 | 12.4
Dodging        | 2 3 |  3.8
Armour         | 3 4 |  4.5

Action                     |  1- 3 |  4- 6 || total
---------------------------+-------+-------++-------
  Melee: Hand axe          |    22 |    16 ||    38
         Punch             |       |     2 ||     2
 Invoke: Berserk           |     2 |     1 ||     3
    Use: Potion            |       |     1 ||     1
 Armour: Animal skin       |     2 |     2 ||     4
  Dodge: Dodged            |    14 |     3 ||    17

Table legend: (Time is in decaauts)
 A = Elapsed time spent in this place.
 B = Non-inter-level travel time spent in this place.
 C = Inter-level travel time spent in this place.
 D = Time resting spent in this place.
 E = Time spent auto-exploring this place.
 F = Levels seen in this place.
 G = Mean time per level.
                   A        B        C        D        E       F      G
               +--------+--------+--------+--------+--------+-----+--------+
         Total |    272 |    262 |     10 |     53 |    102 |   1 |  272.0 |
       Dungeon |    272 |    262 |     10 |     53 |    102 |   1 |  272.0 |
               +--------+--------+--------+--------+--------+-----+--------+

Top non-repeatable levels by time:
       D: 272 daAuts
